 Dungeon Crawl Stone Soup version 0.31.0-12-g77e489cdc1 (webtiles) character file.

Game seed: 1350609716173554427

36862 Silvore the Severer (level 13, -2/128 HPs)
             Began as a Minotaur Fighter on Feb 18, 2024.
             Was the Champion of Okawaru.
             Slain by a two-headed ogre
             ... wielding a +0 giant spiked club
              (9 damage)
             ... on level 14 of the Dungeon.
             The game lasted 00:21:04 (18532 turns).

Silvore the Severer (Minotaur Fighter)             Turns: 18532, Time: 00:21:04

Health: -2/128     AC: 22    Str: 25    XL:     13   Next: 55%
Magic:  12/12      EV: 13    Int:  5    God:    Okawaru [******]
Gold:   1196       SH: 12    Dex: 11    Spells: 12/12 levels left

rFire   . . .        G - +5 war axe (elec)
rCold   . . .        O - +1 kite shield
rNeg    . . .        y - +0 plate armour
rPois   .            (helmet restricted)
rElec   .            j - scarf {repulsion}
rCorr   +            A - +1 pair of gloves
SInv    .            m - +2 pair of boots
Will    .....        (no amulet) Stlth
                     p - ring of resist corrosion
HPRegen 0.41/turn    u - +5 ring of evasion
MPRegen 0.13/turn

%: repel missiles
@: mighty
A: horns 2, retaliatory headbutt
a: Renounce Religion, Heroism, Finesse, Duel, Receive Weapon, Receive Armour


You were on level 14 of the Dungeon.
You worshipped Okawaru.
Okawaru was exalted by your worship.
You visited 1 branch of the dungeon, and saw 15 of its levels.
You also visited: Sewer, Bailey and Gauntlet.

You collected 1196 gold pieces.

Inventory:

Hand Weapons
 a - a +0 war axe
 r - a +2 war axe
 G - a +5 war axe of electrocution (weapon)
Missiles
 o - a throwing net (quivered)
Armour
 b - a +0 scale mail
 c - a +1 buckler
 e - a scarf of harm
 j - a scarf of repulsion (worn)
 m - a +2 pair of boots (worn)
 y - a +0 plate armour (worn)
 A - a +1 pair of gloves (worn)
 D - the +2 ratskin cloak {*Rats rPois rN+ Str-1 Int-1 Dex+1}
   (You found it on level 7 of the Dungeon)

   *Rats:     When the wearer is hurt, rats may emerge from it to assist them.
   Str-1:     It affects your strength (-1).
   Int-1:     It affects your intelligence (-1).
   Dex+1:     It affects your dexterity (+1).
   rPois:     It protects you from poison rN+: It protects you from negative
   energy.
 O - a +1 kite shield (worn)
Jewellery
 p - a ring of resist corrosion (left hand)
 u - a +5 ring of evasion (right hand)
 v - an amulet of magic regeneration
 L - a ring of flight
 Q - a +6 ring of intelligence
 R - the amulet "Satuhoos" {Acrobat Dex+3}
   (You took it off a minotaur in a Gauntlet)

   [amulet of the acrobat]

   Acrobat:   It increases your evasion while moving and waiting.
   Dex+3:     It affects your dexterity (+3).
 S - a ring of protection from cold
 V - a ring of wizardry
Wands
 l - a wand of mindburst (24)
 w - a wand of charming (28)
 F - a wand of digging (5)
 H - a wand of iceblast (18)
 U - a wand of flame (9)
Scrolls
 g - 13 scrolls of teleportation
 i - 4 scrolls of fog
 q - 2 scrolls of amnesia
 I - 3 scrolls of immolation
 K - a scroll of revelation
 N - 3 scrolls of enchant armour
 P - 2 scrolls of enchant weapon
 T - a scroll of blinking
Potions
 d - 4 potions of might
 f - 6 potions of curing
 h - 4 potions of haste
 k - 5 potions of magic
 n - 4 potions of mutation
 s - 3 potions of brilliance
 t - 2 potions of enlightenment
 x - 2 potions of heal wounds
 z - 3 potions of degeneration
 B - 6 potions of lignification {unknown}
 C - 3 potions of ambrosia
 E - a potion of berserk rage {unknown}
 J - 2 potions of cancellation {unknown}
 M - 2 potions of experience {unknown}


   Skills:
 * Level 15.7 Fighting
 + Level 16.4 Axes
 + Level 13.4 Armour
 + Level 3.3 Dodging
 + Level 11.0 Shields


You had 12 spell levels left.
You didn't know any spells.
Your spell library contained the following spells:

 Spells                   Type           Power      Damage    Failure   Level
 Magic Dart               Conj           0%         1d3       100%        1
 Searing Ray              Conj           0%         2d4       100%        2
 Dazzling Flash           Conj/Hex       0%         N/A       100%        3
 Dispel Undead            Necr           0%         3d6       100%        4
 Fulminant Prism          Conj/Alch      0%         3d5       100%        4
 Olgreb's Toxic Radiance  Alch           0%         N/A       100%        4
 Alistair's Intoxication  Alch           0%         N/A       100%        5
 Irradiate                Conj/Alch      0%         3d11      100%        5
 Yara's Violent Unravell  Hex/Alch       0%         3d3       100%        5
 Orb of Destruction       Conj           0%         9d5       100%        7
 Summon Small Mammal      Summ           Unusable   N/A       N/A         1
 Call Canine Familiar     Summ           Unusable   N/A       N/A         3
 Summon Blazeheart Golem  Fire/Summ      Unusable   N/A       N/A         4

Dungeon Overview and Level Annotations

Branches:
Dungeon (15/15)            Temple (0/1) D:7            Lair (0/5) D:8
    Orc (0/2) D:10         Vaults (0/5) D:13         Depths (0/4) D:15
  Sewer (visited)          Bailey (visited)         Gauntlet (visited)

Altars:
Ashenzari
Dithmenos
Elyvilon
Fedhas
Nemelex Xobeh
Okawaru
Qazlal
Trog
Wu Jian
Xom
Yredelemnul
The Shining One

Shops:
D:2 (*(?[   D:7 *   D:13 ??(

Annotations:
D:4 3 runed translucent doors, hawla's ghost, novice MiFi


Innate Abilities, Weirdness & Mutations

You have a pair of horns on your head.
You reflexively headbutt those who attack you in melee.


Message History

You barely miss the two-headed ogre. The meliai hits you but does no damage.
The meliai stings you. You block the ogre mage's attack.
You closely miss the meliai. You hit the two-headed ogre.
Lightning courses through the two-headed ogre!
You slash the ogre mage! You hit the two-headed ogre.
Lightning courses through the two-headed ogre!
The meliai closely misses you. You furiously retaliate!
You headbutt the meliai. You block the meliai's attack.
The meliai hits you with a +0 hand axe. The meliai stings you.
You are poisoned.
The meliai poisons you! You block the two-headed ogre's attack.
The two-headed ogre hits you with a +0 giant spiked club!
* * * LOW HITPOINT WARNING * * *
You block the two-headed ogre's attack.
The two-headed ogre hits you with a +0 giant club.
* * * LOW HITPOINT WARNING * * *
You feel better. The meliai hits you but does no damage.
You block the meliai's attack.
The ogre mage hits you but does no damage.
You block the meliai's attack. x2
You closely miss the meliai.
The meliai is lightly wounded.
You hit the two-headed ogre but do no damage.
You hit the ogre mage.
You completely miss the two-headed ogre.
You block the meliai's attack.
The meliai stings you but does no damage.
The two-headed ogre hits you with a +0 giant spiked club!
* * * LOW HITPOINT WARNING * * *
The two-headed ogre hits you but does no damage.
The two-headed ogre barely misses you. You furiously retaliate!
You headbutt the two-headed ogre! The two-headed ogre closely misses you.
You block the meliai's attack. The meliai closely misses you.
The ogre mage closely misses you.
You feel very mighty all of a sudden.
The meliai mumbles some strange prayers to its god against you.
Something smites you!
* * * LOW HITPOINT WARNING * * *
The two-headed ogre hits you with a +0 giant spiked club!
You die...

##.#######.#....#######..
##...#..<...........#....#
#####......####.#.#####.#.####
#..........# #.#.# #.#.# #
####.#........# #.#.## #...# #
.[..........#.####....# ##### #
....................#.### #
.####.....##..###O..#...# #
.##............O@O#####.#########
.##.##...#.##.###y..#............
.#......##.##)#####.#.#.#########
.#..######.##(#.........# #######
.#..######.##.........#.# #......
.#.........####.#####.#.###.#####
.#...####### #.# #........(...
.#...# #.# ###[......... .#...#
#.# #.###.###..


You could see 2 two-headed ogres, an ogre mage and a meliai.

Vanquished Creatures
  Frances (D:14)
  An ironbound preserver (D:13)
  A dire elephant (D:15)
  A minotaur (Gauntlet)
  An entropy weaver (D:13)
  2 centaur warriors
  A catoblepas (D:13)
  8 two-headed ogres
  3 boulder beetles
  An arcanist (D:14)
  2 orc knights
  10 ugly things
  A salamander (shapeshifter) (D:14)
  An orc sorcerer (D:15)
  A manticore (D:15)
  3 cyclopes
  A salamander (D:15)
  3 meliai (D:13)
  An unseen horror (D:12)
  A komodo dragon (D:8)
  3 trolls
  2 hornets
  Prince Ribbit (D:7)
  A meliai zombie (D:12)
  7 wyverns
  6 slime creatures
  A wraith (D:11)
  3 shadows
  18 yaks
  2 steam dragons
  7 vampire mosquitoes
  2 water moccasins
  3 acid dragons
  3 sky beasts
  2 ice beasts (D:6)
  13 orc warriors
  A black bear (D:7)
  2 laughing skulls (D:14)
  5 small abominations (Gauntlet)
  3 ogres
  9 centaurs
  2 phantoms
  4 kobold brigands
  2 bullfrogs
  A gnoll sergeant (D:6)
  2 scorpions (D:6)
  17 wights
  12 killer bees
  3 howler monkeys
  7 bombardier beetles
  4 jellies
  7 hounds
  6 orc priests
  3 gnoll boudas
  A boggart zombie (D:12)
  4 sleepcaps
  6 iguanas
  6 orc wizards
  25 gnolls
  9 adders
  4 shadow imps
  2 white imps
  An ufetubus (D:6)
  3 dart slugs
  6 ribbon worms
  46 orcs
  12 ball pythons
  6 bats
  12 endoplasms
  7 giant cockroaches
  11 goblins
  8 hobgoblins
  38 kobolds
  10 quokkas
  5 frilled lizards
  7 rats
437 creatures vanquished.

Vanquished Creatures (others)
  An orc wizard (D:11)
  A ball python (D:4)
2 creatures vanquished.

Grand Total: 439 creatures vanquished

Notes
Turn   | Place    | Note
-------+----------+-------------------------------------------
     0 | D:1      | Silvore the Minotaur Fighter began the quest for the Orb.
     0 | D:1      | Reached XP level 1. HP: 19/19 MP: 0/0
    79 | D:1      | Reached XP level 2. HP: 27/27 MP: 1/1
   606 | D:1      | Reached XP level 3. HP: 31/33 MP: 2/2
   958 | D:2      | Reached skill level 3 in Axes
   958 | D:2      | Reached XP level 4. HP: 41/41 MP: 3/3
   981 | D:2      | Found Xomior's Weapon Shoppe.
  1099 | D:2      | Found Ferchuida's General Store.
  1118 | D:2      | Found a faded altar of an unknown god.
  1270 | D:2      | Reached skill level 1 in Dodging
  1323 | D:2      | Found Epnom's Magic Scroll Emporium.
  1382 | D:2      | Reached XP level 5. HP: 23/47 MP: 4/4
  1618 | D:2      | Found Luori's Weapon Boutique.
  1820 | D:2      | Found Cakiy's Armour Boutique.
  2193 | D:3      | Reached skill level 4 in Axes
  2216 | D:3      | Found a bloodstained altar of Trog.
  2329 | D:3      | Noticed a steam dragon
  2334 | D:3      | Killed a steam dragon
  2335 | D:3      | Reached skill level 5 in Fighting
  2335 | D:3      | Reached skill level 5 in Armour
  2335 | D:3      | Reached XP level 6. HP: 13/56 MP: 5/5
  2352 | D:3      | Got the Atlas of Effluvium
  2418 | D:3      | Found a glowing drain.
  2435 | Sewer    | Entered a sewer
  2559 | Sewer    | Reached skill level 5 in Axes
  2923 | D:3      | Found a shimmering altar of Xom.
  2923 | D:3      | Found a shimmering altar of Xom.
  2923 | D:3      | Found a shimmering altar of Xom.
  2924 | D:3      | Found a shimmering altar of Xom.
  2924 | D:3      | Found a shimmering altar of Xom.
  2934 | D:3      | Found a shimmering altar of Xom.
  3234 | D:4      | Noticed hawla's ghost (novice MiFi)
  3243 | D:4      | Found a runed translucent gate.
  3243 | D:4      | Found a runed translucent gate.
  3243 | D:4      | Found a runed translucent gate.
  3300 | D:4      | Reached XP level 7. HP: 43/61 MP: 6/6
  3388 | D:4      | Found an ornate altar of the Wu Jian Council.
  3455 | D:4      | Reached skill level 6 in Axes
  3609 | D:4      | Found a basalt altar of Yredelemnul.
  4577 | D:5      | Entered Level 5 of the Dungeon
  4592 | D:4      | HP: 2/63 [iguana (3)]
  4813 | D:5      | Reached skill level 7 in Axes
  5008 | D:5      | Reached XP level 8. HP: 71/71 MP: 7/7
  5035 | D:5      | Reached skill level 5 in Shields
  5318 | D:5      | Found a white marble altar of Elyvilon.
  5574 | D:5      | Found a broken altar of Ashenzari.
  5820 | D:6      | HP: 2/71 [something (6)]
  6242 | D:6      | Got Sif Muna's Incunabulum of Ruinous Misery
  6307 | D:6      | Found an iron altar of Okawaru.
  6380 | D:6      | Identified the +0 spear of Ytusy {flame, rElec rF+ rCorr}
  6419 | D:6      | Reached skill level 8 in Axes
  6511 | D:6      | Found a sparkling altar of Nemelex Xobeh.
  6763 | D:6      | Reached XP level 9. HP: 72/81 MP: 8/8
  6777 | D:6      | Reached skill level 9 in Axes
  7178 | D:6      | Became a worshipper of Warmaster Okawaru
  7603 | D:6      | Reached skill level 10 in Axes
  7603 | D:6      | Found a glowing golden altar of the Shining One.
  7778 | D:6      | Found a shadowy altar of Dithmenos.
  8098 | D:6      | Reached * piety under Okawaru
  8334 | D:7      | Noticed Prince Ribbit
  8345 | D:7      | Killed Prince Ribbit
  8442 | D:7      | Reached skill level 11 in Axes
  8449 | D:7      | Found a staircase to the Ecumenical Temple.
  8489 | D:7      | Identified the +1 leather armour of Defiance {Harm rF+++
                  | Dex-5}
  8565 | D:7      | Found Itykadd's General Store.
  8567 | D:7      | Reached XP level 10. HP: 91/91 MP: 9/9
  8709 | D:7      | Found a stormy altar of Qazlal.
  9063 | D:7      | Found a blossoming altar of Fedhas.
  9065 | D:7      | Found the +2 ratskin cloak {*Rats rPois rN+ Str-1 Int-1
                  | Dex+1}
  9243 | D:8      | Paralysed by a hornet for 2 turns
  9253 | D:8      | Reached ** piety under Okawaru
  9469 | D:8      | Reached skill level 10 in Fighting
  9586 | D:8      | Reached skill level 10 in Armour
  9594 | D:8      | Reached *** piety under Okawaru
  9595 | D:8      | Reached skill level 12 in Axes
 10018 | D:8      | Found a staircase to the Lair.
 10651 | D:9      | Noticed a two-headed ogre
 10661 | D:9      | Killed a two-headed ogre
 10662 | D:9      | Reached XP level 11. HP: 24/102 MP: 10/10
 10997 | D:9      | You fall into a shaft and drop 1 floor!
 10997 | D:10     | Entered Level 10 of the Dungeon
 11099 | D:10     | Noticed a two-headed ogre
 11106 | D:10     | Killed a two-headed ogre
 11106 | D:10     | Reached **** piety under Okawaru
 11107 | D:10     | Reached skill level 13 in Axes
 11197 | D:10     | Found a flagged portal.
 11211 | Bailey   | Entered a bailey
 11263 | Bailey   | Reached ***** piety under Okawaru
 11375 | Bailey   | Noticed an orc knight
 11389 | Bailey   | Killed an orc knight
 11395 | Bailey   | Received a gift from Okawaru
 11787 | D:10     | Found a staircase to the Orcish Mines.
 13360 | D:11     | Noticed a boulder beetle
 13369 | D:11     | Noticed a boulder beetle
 13597 | D:10     | Killed a boulder beetle
 13598 | D:10     | Reached skill level 14 in Axes
 13677 | D:11     | Killed a boulder beetle
 13797 | D:11     | Noticed a two-headed ogre
 13810 | D:11     | Killed a two-headed ogre
 13810 | D:11     | Received a gift from Okawaru
 13945 | D:11     | Identified the +0 robe of Bad Feelings {rElec rPois Str+4
                  | Dex-5}
 13956 | D:11     | Reached XP level 12. HP: 115/115 MP: 11/11
 14021 | D:11     | Noticed a boulder beetle
 14044 | D:11     | Killed a boulder beetle
 14422 | D:12     | Noticed a two-headed ogre
 14426 | D:12     | Killed a two-headed ogre
 14803 | D:12     | Found a basalt altar of Yredelemnul.
 15016 | D:13     | Noticed an entropy weaver
 15017 | D:13     | Noticed an ironbound preserver
 15028 | D:13     | Noticed a centaur warrior
 15033 | D:13     | Killed an ironbound preserver
 15036 | D:13     | Received a gift from Okawaru
 15037 | D:13     | Reached skill level 15 in Axes
 15045 | D:13     | Killed an entropy weaver
 15048 | D:13     | Killed a centaur warrior
 15057 | D:13     | Noticed a catoblepas
 15068 | D:13     | Killed a catoblepas
 15068 | D:13     | Received a gift from Okawaru
 15266 | D:13     | Found a gate to the Vaults.
 15285 | D:13     | Found a blossoming altar of Fedhas.
 15378 | D:13     | Found Xotytab's Magic Scroll Emporium.
 15416 | D:13     | Found Lebeurch's Antique Weapon Shop.
 15421 | D:13     | Found Xepa's Magic Scroll Shoppe.
 15423 | D:13     | Found a gate leading to a gauntlet.
 15433 | Gauntlet | Entered a Gauntlet
 15433 | Gauntlet | Found a transporter.
 15440 | Gauntlet | Found a transporter.
 15443 | Gauntlet | Found a transporter.
 15444 | Gauntlet | Found a transporter.
 15452 | Gauntlet | Found a transporter.
 15455 | Gauntlet | Found a transporter.
 15456 | Gauntlet | Found a transporter.
 15464 | Gauntlet | Found a transporter.
 15467 | Gauntlet | Found a transporter.
 15468 | Gauntlet | Found a transporter.
 15476 | Gauntlet | Found a transporter.
 15479 | Gauntlet | Found a transporter.
 15480 | Gauntlet | Found a transporter.
 15488 | Gauntlet | Found a transporter.
 15656 | Gauntlet | Identified the +8 quarterstaff of Molekkel {spect, rF+ rN++
                  | rCorr Dex-4}
 15656 | Gauntlet | Identified the amulet "Satuhoos" {Acrobat Dex+3}
 15656 | Gauntlet | Noticed a minotaur
 15664 | Gauntlet | Killed a minotaur
 16299 | D:14     | Reached skill level 10 in Shields
 16350 | D:14     | Noticed Frances
 16369 | D:14     | Killed Frances
 16371 | D:14     | Received a gift from Okawaru
 16841 | D:14     | Reached XP level 13. HP: 125/125 MP: 12/12
 17379 | D:15     | Entered Level 15 of the Dungeon
 17404 | D:15     | Reached skill level 16 in Axes
 17771 | D:14     | Reached skill level 15 in Fighting
 17992 | D:15     | Reached ****** piety under Okawaru
 18000 | D:15     | Received a gift from Okawaru
 18177 | D:15     | Found a staircase to the Depths.
 18177 | D:15     | Noticed a dire elephant
 18189 | D:15     | Killed a dire elephant
 18532 | D:14     | Slain by a two-headed ogre

Illustrated notes

Levels and vault maps discovered:
D:1:      dpeg_arrival_more_subterranean_lakeside_camping, layout_basic,
          chequers_serial_rivers_micro_e, minivault_27
D:2:      layout_basic, basic_ecumenical_altar, serial_shops, shop, shop, shop,
          nicolae_shop_advertising_works [nicolae_subvault_shop_adworks],
          nicolae_shop_pleasant_corner_grove, minmay_box_of_dots
D:3:      minmay_diamond_boxcup, layout_loops_cross,
          mainiacjoe_overflow_six_doors_small, xom_redecorated,
          gup_sewer_entry_pipe
D:4:      layout_basic, nicolae_overflow_hidden_temple,
          mainiacjoe_overflow_paths, gammafunk_ghost_split
D:5:      layout_cave_pools, kennysheep_mini_moat, mainiacjoe_overflow_alcove_2,
          nicolae_letterblocks [nicolae_letter_subblock,
          nicolae_letter_subblock, nicolae_letter_subblock,
          nicolae_letter_subblock, nicolae_letter_subblock,
          nicolae_letter_subblock, nicolae_letter_subblock,
          nicolae_letter_subblock, nicolae_letter_subblock,
          nicolae_letter_subblock, nicolae_letter_subblock,
          nicolae_letter_subblock, nicolae_letter_subblock,
          nicolae_letter_subblock, nicolae_letter_subblock,
          nicolae_letter_subblock, nicolae_letter_subblock,
          nicolae_letter_subblock, nicolae_letter_subblock,
          nicolae_letter_subblock, nicolae_letter_subblock,
          nicolae_letter_subblock, nicolae_letter_subblock,
          nicolae_letter_subblock, nicolae_letter_subblock]
D:6:      minmay_razor_zed, layout_loops_ring, nemelex_diamond_rough_becter,
          kennysheep_mini, nicolae_tso_carved_into_rock, general_overflow_altar,
          minivault_24, kennysheep_generic_room_6
D:7:      layout_cave_pools, nicolae_qazlal_beasts_of_the_sky,
          nicolae_overflow_crystal_walls, minmay_temple_entry_wispy,
          serial_shops, shop, minmay_tree_intersection,
          minmay_fractal_squares_5, uniq_prince_ribbit1
D:8:      layout_loops_ring, david_lair_shrubbed
D:9:      layout_rooms
D:10:     layout_layer_cave, orc_0_dummy, enter_bailey_2
D:11:     layout_rooms, minmay_misc_feat_five
D:12:     layout_basic, minmay_misc_feat_tiny, chequers_arboretum,
          lemuel_zombie_altar_yredelemnul
D:13:     layout_basic, hellmonk_vaults_order_and_chaos, gauntlet_entry_generic,
          serial_shops, shop, nicolae_shop_tiny_waterfront,
          nicolae_shop_rolled_up, fedhas_altar_3
D:14:     layout_loops_ring, serial_library_regret_index_branch_corner,
          uniq_frances
D:15:     hangedman_depths_entry_try_elsewhere_first, layout_cave_pools,
          cheibrodos_ashenzari_chains, st_stairs_7

Skill      XL: |  1  2  3  4  5  6  7  8  9 10 11 12 13 |
---------------+----------------------------------------+-----
Armour         | 4 5 6 7 9 10 11 12 13 | 13.4
Shields        | 4 5 6 7 8 10 11 | 11.0
Fighting       | 4 5 6 7 9 11 13 14 15 | 15.7
Axes           | 3 4 5 7 8 11 12 14 15 16 | 16.4
Dodging        | 1 2 3 |  3.3

Action                     |  1- 3 |  4- 6 |  7- 9 | 10-12 | 13-15 || total
---------------------------+-------+-------+-------+-------+-------++-------
  Melee: War axe           |    45 |   172 |   330 |   555 |   112 ||  1214
         Headbutt          |     4 |    21 |    60 |   121 |    29 ||   235
 Invoke: Heroism           |       |       |       |     1 |       ||     1
    Use: Scroll            |     3 |     5 |    10 |    16 |       ||    34
         Potion            |       |     1 |     3 |    12 |     2 ||    18
   Stab: Invisible         |       |       |     1 |     7 |       ||     8
 Armour: Scale mail        |    27 |   125 |    85 |       |       ||   237
         Plate armour      |       |       |   203 |   458 |   105 ||   766
  Dodge: Dodged            |    15 |   113 |   127 |   199 |    53 ||   507
         Repelled          |       |     2 |     3 |     2 |       ||     7
  Block: Buckler           |    12 |    39 |   102 |    74 |       ||   227
         Kite shield       |       |       |       |   227 |    66 ||   293
